 Dungeon Crawl Stone Soup version 0.26-a0-52-gd53d4cd058 (webtiles) character file.

Game seed: 18341686697898419242

32 MordorOrchid the Ducker (level 3, 0/42 HPs)
             Began as a Gnoll Wanderer on June 5, 2020.
             Succumbed to an adder's poison
             ... on level 2 of the Dungeon.
             The game lasted 00:04:22 (642 turns).

MordorOrchid the Ducker (Gnoll Wanderer)             Turns: 642, Time: 00:04:22

Health: 0/42       AC: 25    Str: 12    XL:     3   Next: 25%
Magic:  3/3        EV:  2    Int: 18    God:
Gold:   24         SH:  0    Dex: 13    Spells: 3/3 levels left

rFire    . . .     SeeInvis .   m - -1 spear (curse)
rCold    . . .     Gourm    .   (no shield)
rNeg     + + +     Faith    .   (armour currently unavailable)
rPois    +         Spirit   .   (helmet currently unavailable)
rElec    .         Reflect  .   (cloak currently unavailable)
rCorr    .         Harm     .   (gloves currently unavailable)
MR       .....     NoTele   +   (boots currently unavailable)
Stlth    +.........             (no amulet)
HPRegen  0.14/turn              e - +4 ring of protection
MPRegen  0.08/turn              (no ring)

@: lethally poisoned (0 -> -5), tree-form
A: distributed training, strong nose
a: no special abilities


You were on level 2 of the Dungeon.
You were not hungry.
You were a tree.
You visited 1 branch of the dungeon, and saw 2 of its levels.

You collected 24 gold pieces.

Inventory:

Hand Weapons
 g - a +0 whip
 j - a +0 shortbow
 m - a cursed -1 spear (weapon)
 y - a +0 short sword
Missiles
 c - 19 arrows
 h - 10 poisoned darts (quivered)
Armour
 b - a +2 leather armour (melded)
Jewellery
 e - a +4 ring of protection (left branch)
Comestibles
 f - 2 rations
 i - 2 chunks of flesh


   Skills:
 + Level 2.5 Fighting
 + Level 0.6 Short Blades
 + Level 0.6 Long Blades
 + Level 0.6 Axes
 + Level 0.6 Maces & Flails
 + Level 0.6 Polearms
 + Level 0.6 Staves
 + Level 0.6 Slings
 + Level 6.5 Bows
 + Level 0.6 Crossbows
 + Level 0.6 Throwing
 + Level 2.5 Armour
 + Level 6.5 Dodging
 + Level 0.6 Stealth
 + Level 4.5 Shields
 + Level 0.6 Unarmed Combat
 + Level 0.6 Spellcasting
 + Level 0.4 Conjurations
 + Level 0.4 Hexes
 + Level 0.4 Charms
 + Level 0.4 Summonings
 + Level 0.4 Necromancy
 + Level 0.4 Translocations
 + Level 0.4 Transmutations
 + Level 0.4 Fire Magic
 + Level 0.4 Ice Magic
 + Level 0.4 Air Magic
 + Level 0.4 Earth Magic
 + Level 0.4 Poison Magic
 + Level 0.8 Invocations
 + Level 0.6 Evocations


You had 3 spell levels left.
You didn't know any spells.
Your spell library was empty.

Dungeon Overview and Level Annotations

Branches:
Dungeon (2/15)

Altars:


Innate Abilities, Weirdness & Mutations

Your experience applies equally to all skills.
((You have very sharp teeth.))
Your uncanny sense of smell can sniff out nearby items.


Message History

The frilled lizard bites you but does no damage.
You closely miss the adder.
The adder is severely wounded.
* * * LOW HITPOINT WARNING * * *
You feel sick. The adder bites you but does no damage.
The frilled lizard bites you but does no damage.
The adder bites you but does no damage.
You barely miss the adder.
The adder is severely wounded.
* * * LOW HITPOINT WARNING * * *
You feel sick. The adder bites you but does no damage.
The frilled lizard unfolds its giant frill.
The frilled lizard bites you but does no damage.
You hit the adder.
You kill the adder!
You have reached level 3!
Your experience leads to an increase in your attributes!
Increase (S)trength, (I)ntelligence, or (D)exterity?
You feel clever.
You die...

........$....
#....$......
#.#........ .
#.#.......
#.#........ ∆
..........#
.......!..######
...........#.#.# # #.
#....l♣.....#.#.#...
....>.†........#^....
.................#
...............###
...............###.#.
.............<.......
................##...
............###.# .
......# ...


You could see a frilled lizard.

Vanquished Creatures
  An adder (D:2)
  An ooze (D:1)
  A leopard gecko (D:2)
  4 giant cockroaches
  A goblin (D:1)
  3 hobgoblins (D:1)
  2 bats (D:1)
  2 kobolds (D:1)
  A rat (D:1)
16 creatures vanquished.

Notes
Turn   | Place    | Note
-------+----------+-------------------------------------------
     0 | D:1      | MordorOrchid the Gnoll Wanderer began the quest for the
                  | Orb.
     0 | D:1      | MordorOrchid set off with the following items: a +0
                  | shortbow, a +2 leather armour, 23 arrows, a potion of
                  | lignification, a ration
     0 | D:1      | Reached XP level 1. HP: 17/17 MP: 1/1
   150 | D:1      | Reached XP level 2. HP: 23/23 MP: 2/2
   638 | D:2      | HP: 1/23 [poisoned by an adder]
   642 | D:2      | Reached XP level 3. HP: 1/28 MP: 3/3
   642 | D:2      | Succumbed to an adder's poison

Illustrated notes

Levels and vault maps discovered:
D:1:      dpeg_arrival_connections, layout_loops_ring
D:2:      layout_rooms, marbit_many_paths, nicolae_overflow_hidden_temple,
          first_ration, minivault_24, grunt_decor_fettered,
          minmay_worlds_worst_comb, uniq_terence, uniq_sigmund

Action                   || total
-------------------------++-------
Melee: Spear             ||    38
       Short sword       ||     1
 Fire: Shortbow          ||    28
Throw: Dart              ||     1
  Use: Scroll            ||     3
       Potion            ||     1
 Stab: Sleeping          ||     1
Armor: Leather armour    ||    10
       Skin              ||     7
Dodge: Dodged            ||    46

Table legend:
 A = Non-vault XP
 B = Vault XP
 C = Vault XP percentage of total XP
 D = Non-vault monster count
 E = Vault monster count
 F = Vault count percentage of total count
                 A         B        C        D         E       F
            +---------+---------+-------+---------+---------+-------
      Total |      42 |       4 |   8.7 |      14 |       2 |  12.5
            +---------+---------+-------+---------+---------+-------
        D:1 |      26 |       0 |   0.0 |      12 |       0 |   0.0
        D:2 |      16 |       4 |  20.0 |       2 |       2 |  50.0
            +---------+---------+-------+---------+---------+-------
